 Dungeon Crawl Stone Soup version 0.25-a0-496-g8c4878dea3 (console) character file.

Game seed: 13234412165845777427, levelgen mode: deterministic

65 Abuh the Cutter (level 4, -3/29 HPs)
             Began as a Kobold Berserker on Feb 12, 2020.
             Was a Believer of Trog.
             Slain by a gnoll
             ... wielding a +0 spear
              (4 damage)
             ... on level 2 of the Dungeon.
             The game lasted 00:03:41 (1458 turns).

Abuh the Cutter (Kobold Berserker)                  Turns: 1458, Time: 00:03:42

Health: -3/29      AC: 12    Str: 15    XL:     4   Next: 35%
Magic:  4/4        EV:  7    Int:  8    God:    Trog [**....]
Gold:   104        SH:  0    Dex: 14    Spells: 3/3 levels left

rFire    . . .     SeeInvis .   a - +0 short sword
rCold    . . .     Gourm    .   (shield restricted)
rNeg     . . .     Faith    .   o - +0 plate armour (curse)
rPois    .         Spirit   .   (no helmet)
rElec    .         Reflect  .   (no cloak)
rCorr    .         Harm     .   h - +0 pair of gloves
MR       .....                  (no boots)
Stlth    ..........             (no amulet)
HPRegen  0.09/turn              (no ring)
MPRegen  0.09/turn              (no ring)

@: lethally poisoned (-3 -> -7), berserk cooldown, slowed, very slow
A: small, carnivore
a: Berserk, Trog's Hand, Renounce Religion


You were on level 2 of the Dungeon.
You worshipped Trog.
Trog was pleased with you.
You were very full.

You visited 1 branch of the dungeon, and saw 2 of its levels.

You collected 104 gold pieces.

Inventory:

Hand Weapons
 a - a +0 short sword (weapon)
Armour
 b - a +0 animal skin
 g - a +0 ring mail
 h - a +0 pair of gloves (worn)
 o - a cursed +0 plate armour (worn)
Jewellery
 d - an uncursed ring of protection from fire {unknown}
 e - a +3 amulet of reflection {unknown}
Scrolls
 f - 2 scrolls of teleportation {unknown}
 k - a scroll of remove curse {unknown}
 m - a scroll of amnesia {unknown}
 n - a scroll of identify {unknown}
Potions
 i - 3 potions of curing {unknown}
 l - a potion of heal wounds {unknown}
Comestibles
 c - 4 rations
 j - 2 chunks of flesh


   Skills:
 + Level 3.7 Fighting
 * Level 5.1 Short Blades
 + Level 2.1 Armour
 + Level 3.1 Dodging


You had 3 spell levels left.
You didn't know any spells.
Your spell library was empty.

Dungeon Overview and Level Annotations

Branches:
Dungeon (2/15)

Altars:


Innate Abilities, Weirdness & Mutations

You are small and have problems with some larger weapons.
You are carnivorous and can eat meat at any time.


Message History

The gnoll hits you but does no damage.
Items here: ) ††† a +0 whip; a gnoll corpse; a bat corpse; an adder corpse You closely miss the gnoll.
You feel sick. The goblin hits you but does no damage.
The gnoll barely misses you. x3; The goblin hits you but does no damage.
The gnoll hits you but does no damage. x3
The gnoll hits you from afar with a +0 spear.
* * * LOW HITPOINT WARNING * * *
You hit the goblin.
You kill the goblin!
Trog accepts your kill.
You feel sick.
The gnoll hits you from afar with a +0 spear.
* * * LOW HITPOINT WARNING * * *
The gnoll hits you but does no damage.
The gnoll hits you from afar with a +0 spear.
* * * LOW HITPOINT WARNING * * *
The gnoll hits you but does no damage. The gnoll barely misses you.
The gnoll hits you but does no damage. The gnoll hits you with a +0 spear.
You die...

### ## #.. #..
#.# .. #.#
#.##.#####.##
.....g.g....#
#.......##..#####
.......g##ggg...#
........###@#####
...###g.# #.## ..
...# #..# . ##.##
##.# #[ #.# ..
#.# #.# ###.#
#...# #.###


You could see 3 gnolls.

Vanquished Creatures
  2 gnolls
  An adder (D:2)
  An ooze (D:1)
  A dart slug (D:2)
  3 leopard geckos (D:1)
  5 giant cockroaches (D:1)
  2 hobgoblins (D:1)
  3 bats
  A frilled lizard (D:1)
  3 goblins
  A kobold (D:1)
  8 rats (D:1)
31 creatures vanquished.

Notes
Turn   | Place    | Note
-------+----------+-------------------------------------------
     0 | D:1      | Abuh the Kobold Berserker began the quest for the Orb.
     0 | D:1      | Reached XP level 1. HP: 14/14 MP: 1/1
   164 | D:1      | Reached XP level 2. HP: 14/19 MP: 2/2
   482 | D:1      | Reached XP level 3. HP: 15/23 MP: 3/3
   863 | D:1      | Reached ** piety under Trog
  1446 | D:2      | Reached skill level 5 in Short Blades
  1446 | D:2      | Reached XP level 4. HP: 29/29 MP: 4/4
  1457 | D:2      | HP: 1/29 [gnoll/+0 spear (3)]
  1458 | D:2      | Slain by a gnoll

Levels and vault maps discovered:
D:1:      heliophobic_arrival_battle_scene, layout_basic,
          minmay_worlds_worst_comb
D:2:      layout_loops_cross, lemuel_crystal_altar, zin_scriptorium,
          tso_oasis_becter, uniq_jessica

Skill      XL: |  1  2  3 |
---------------+----------+-----
Armour         | 2 |  2.1
Dodging        | 3 |  3.1
Short Blades   | 5 |  5.1
Fighting       | |  3.7

Action                   |  1- 3 |  4- 6 || total
-------------------------+-------+-------++-------
Melee: Short sword       |   150 |     7 ||   157
Invok: Berserk           |     1 |       ||     1
  Eat: Chunk             |    10 |       ||    10
Armor: Animal skin       |     9 |       ||     9
       Ring mail         |    30 |       ||    30
       Plate armour      |     6 |    14 ||    20
Dodge: Dodged            |   117 |     8 ||   125

Table legend:
 A = Non-vault XP
 B = Vault XP
 C = Vault XP percentage of total XP
 D = Non-vault monster count
 E = Vault monster count
 F = Vault count percentage of total count
                 A         B        C        D         E       F
            +---------+---------+-------+---------+---------+-------
      Total |      86 |       8 |   8.5 |      27 |       4 |  12.9
            +---------+---------+-------+---------+---------+-------
        D:1 |      52 |       8 |  13.3 |      22 |       4 |  15.4
        D:2 |      34 |       0 |   0.0 |       5 |       0 |   0.0
            +---------+---------+-------+---------+---------+-------
